 Dungeon Crawl Stone Soup version 0.19-a0-1508-g2ac1aae (webtiles) character file.

104 MrRokkomies the Skirmisher (level 4, 0/48 HPs)
             Began as an Ogre Arcane Marksman on Sept 11, 2016.
             Was an Initiate of Nemelex Xobeh.
             Slain by a white imp (3 damage)
             ... summoned by Natasha
             ... on level 2 of the Dungeon.
             The game lasted 00:07:13 (1564 turns).

MrRokkomies the Skirmisher (Ogre Arcane Marksman)   Turns: 1564, Time: 00:07:13

Health: 0/48       AC:  3    Str: 16    XL:     4   Next: 80%
Magic:  14/14      EV: 10    Int: 12    God:    Nemelex Xobeh [......]
Gold:   72         SH:  0    Dex: 10    Spells: 2 memorised, 2 levels left

rFire  . . .     SeeInvis .     a - +4 whip
rCold  . . .     Gourm    .     k - +0 robe
rNeg   . . .     Faith    .     (no shield)
rPois  .         Spirit   .     (helmet restricted)
rElec  .         Dismiss  .     (no cloak)
rCorr  .         Reflect  .     (gloves unavailable)
MR     .....     Harm     .     (boots unavailable)
Stlth  +.........               (no amulet)
                                (no ring)
                                h - ring of magical power

@: slowed, very slow
A: unfitting armour, tough skin 1
a: Renounce Religion


You were on level 2 of the Dungeon.
You worshipped Nemelex Xobeh.
Nemelex Xobeh was noncommittal.
You were not hungry.

You visited 1 branch of the dungeon, and saw 2 of its levels.

You collected 72 gold pieces.

Inventory:

Hand Weapons
 a - a +4 whip (weapon)
Missiles
 c - 3 large rocks
 d - 2 throwing nets
 i - 28 stones (quivered)
 q - 5 poisoned needles
Armour
 k - a +0 robe (worn)
Jewellery
 h - a ring of magical power (left hand)
Scrolls
 m - a scroll of immolation {unknown}
 o - 2 scrolls of amnesia
 r - a scroll of recharging {unknown}
 t - a scroll of remove curse {unknown}
Potions
 e - a potion of lignification {unknown}
 g - a potion of resistance
 l - a potion of agility {unknown}
 p - 2 potions of haste
 s - a potion of degeneration {unknown}
Books
 b - a book of Debilitation

   Spells                             Type                      Level
   a - Corona                         Hexes                        1
   b - Slow                           Hexes                        2
   c - Gell's Gravitas                Hexes/Translocation          3
   d - Inner Flame                    Hexes/Fire                   3
   e - Cause Fear                     Hexes                        4
   f - Leda's Liquefaction            Hexes/Earth                  4
Comestibles
 f - 2 bread rations
 j - a meat ration
 n - a beef jerky


   Skills:
 * Level 4.2 Fighting
 * Level 1.6 Maces & Flails
 - Level 2.0 Throwing
 - Level 1.7 Dodging
 - Level 1.2 Spellcasting
 - Level 3.0 Hexes


You had 2 spell levels left.
You knew the following spells:

 Your Spells              Type           Power        Failure   Level  Hunger
a - Corona                Hex            #......      12%         1    ##.....
b - Slow                  Hex            #.......     14%         2    ###....


Dungeon Overview and Level Annotations

Branches:
Dungeon (2/15)

Altars:
Nemelex Xobeh
Uskayaw

Annotations:
D:2 Natasha


Innate Abilities, Weirdness & Mutations

You are too large for most types of armour.
You have tough skin. (AC +1)


Message History

You resist with some effort.
The white imp summons a swarm of flies.
The white imp gestures at you. The puff of frost hits you!
The hobgoblin barely misses you.
You barely miss Natasha.
Natasha is severely wounded.
Natasha claws you.
* * * LOW HITPOINT WARNING * * *
The white imp barely misses you. The hobgoblin barely misses you.
Natasha zaps a wand.
The puff of flame hits you!
* * * LOW HITPOINT WARNING * * *
Fire/throw which item? (* to show all) (? for menu, Esc to quit)
Press: ? - help, Shift-Dir - straight line, f - Natasha
Aim: Natasha, carrying a wand of flame {zapped: 2} (severely wounded)
You throw a large rock. The large rock closely misses Natasha.
The white imp hits you but does no damage.
The hobgoblin barely misses you. Natasha barely misses you.
The white imp hits you.
You die...
Your body disappears without a glow.

..#.# ##.# #...# #.# .##.#
#.# #...# #.# ###
....########.# #...#######.#
#.. .##........#.#
#...........# #..
.##..#####...####..##########
#..
.###.#...#......(...........#
#.. .#
#.#.((#..#.##....#######.#
#.. +#
#†#####..#...h5...#......#
#..
#.......'##..@....#.######
#.. #.)._.......g<....#.# #..
##...........#†...#.# ###..
#.........#.#..###.######....
######.............#.........
#..####.#.#####.######..
#####..# #.#.# #...[.......
#......# #...###.##.#######
#.###.## ##⌠.⌠##.##.#


You could see Natasha, a white imp and a hobgoblin.

Vanquished Creatures
  Natasha (D:2)
  2 adders (D:2)
  A worm (D:2)
  3 dart slugs
  3 giant geckos (D:2)
  7 giant cockroaches
  3 goblins
  7 hobgoblins
  5 kobolds (D:1)
  A quokka (D:2)
  7 bats
  3 giant newts
  5 rats
48 creatures vanquished.

Notes
Turn   | Place    | Note
-------+----------+-------------------------------------------
     0 | D:1      | MrRokkomies the Ogre Arcane Marksman began the quest for the Orb.
     0 | D:1      | Reached XP level 1. HP: 19/19 MP: 2/2
   116 | D:1      | Reached skill level 2 in Fighting
   125 | D:1      | Reached XP level 2. HP: 19/28 MP: 3/3
   459 | D:1      | Reached XP level 3. HP: 33/36 MP: 4/4
   479 | D:1      | Learned a level 2 spell: Slow
   644 | D:1      | Reached skill level 3 in Fighting
   917 | D:2      | Noticed a dagger
   919 | D:2      | Noticed a dagger
   920 | D:2      | Found a hide-covered altar of Uskayaw.
  1031 | D:2      | Noticed Natasha
  1039 | D:2      | Killed Natasha
  1039 | D:2      | Reached XP level 4. HP: 34/48 MP: 5/5
  1157 | D:2      | Found a sparkling altar of Nemelex Xobeh.
  1217 | D:2      | Reached skill level 4 in Fighting
  1217 | D:2      | Reached skill level 1 in Maces & Flails
  1244 | D:2      | Became a worshipper of Nemelex Xobeh the Trickster
  1550 | D:2      | Noticed Natasha
  1563 | D:2      | HP: 2/48 [Natasha/wand of flame (9)]
  1564 | D:2      | Slain by a white imp

Vault maps used:
D:1:      dpeg_arrival_shelter
D:2:      nemelex_xobeh_ov_fountains_minmay, dancing_weapons_uskayaw,
          uniq_natasha

Skill      XL: |  1  2  3  4 |
---------------+-------------+-----
Fighting       | 2 3 4 |  4.2
Hexes          | 3 |  3.0
Maces & Flails | 1 |  1.6
Throwing       | |  2.0
Dodging        | |  1.7
Spellcasting   | |  1.2

Action                   |  1- 3 |  4- 6 || total
-------------------------+-------+-------++-------
Melee: Unarmed           |    10 |       ||    10
       Whip              |    91 |    55 ||   146
       Club              |     2 |       ||     2
Throw: Stone             |       |     3 ||     3
       Large rock        |       |     1 ||     1
 Cast: Slow              |     1 |       ||     1
       Corona            |       |     2 ||     2
  Use: Scroll            |     6 |       ||     6
 Stab: Sleeping          |     1 |       ||     1
  Eat: Chunk             |       |     2 ||     2
Armor: Robe              |    37 |    14 ||    51
Dodge: Dodged            |    60 |    33 ||    93
